 Dungeon Crawl Stone Soup version 0.27-a0-1118-ga84896973d (webtiles) character file.

Game seed: 292544446818796222

7191 Froggeryz the Grappler (level 11, -6/90 HPs)
             Began as a Vine Stalker Berserker on May 2, 2021.
             Was an Elder of Trog.
             Mangled by an orc warrior
             ... wielding a +3 short sword
              (12 damage)
             ... on level 12 of the Dungeon.
             The game lasted 00:12:32 (8107 turns).

Froggeryz the Grappler (Vine Stalker Berserker)     Turns: 8107, Time: 00:12:33

Health: -6/90      AC:  8    Str: 23    XL:     11   Next: 11%
Magic:  0/12       EV: 10    Int:  7    God:    Trog [****..]
Gold:   381        SH:  0    Dex: 14    Spells: 10/10 levels left

rFire    . . .     SeeInvis .     - Unarmed
rCold    . . .     Faith    .   (no shield)
rNeg     . . .     Spirit   +   D - +0 scale mail
rPois    .         Reflect  .   n - +0 helmet
rElec    .         Harm     .   (no cloak)
rCorr    +         Rampage  .   t - +0 pair of gloves
Will     +....                  (no boots)
Stlth    ..........             (no amulet)
HPRegen  1.25/turn              e - ring of resist corrosion
MPRegen  0.13/turn              (no ring)

@: berserking, very quick
A: fangs 3, regeneration 1, magic shield, antimagic bite, no potion heal 2
a: Renounce Religion, Berserk, Trog's Hand, Brothers in Arms


You were on level 12 of the Dungeon.
You worshipped Trog.
Trog was greatly pleased with you.
You visited 1 branch of the dungeon, and saw 11 of its levels.

You collected 471 gold pieces.
You spent 90 gold pieces at shops.

Inventory:

Missiles
 p - 33 poisoned darts (quivered)
 v - 2 throwing nets
 x - 2 curare-tipped darts
Armour
 n - a +0 helmet (worn)
 t - a +0 pair of gloves (worn)
 C - a +0 kite shield
 D - a +0 scale mail (worn)
Jewellery
 e - a ring of resist corrosion (left hand)
 G - a ring of protection from cold
Wands
 d - a wand of polymorph (6)
 l - a wand of flame (67)
 m - a wand of mindburst (6)
 w - a wand of iceblast (12)
 B - a wand of acid (8)
Scrolls
 b - 4 scrolls of teleportation
 h - a scroll of magic mapping
 i - 3 scrolls of immolation
 k - 2 scrolls of amnesia
 o - a scroll of blinking
 q - a scroll of noise {unknown}
 s - 3 scrolls of identify
 y - 7 scrolls of fear
 A - a scroll of enchant weapon
 F - a scroll of summoning
 I - a scroll of brand weapon {unknown}
Potions
 a - 3 potions of haste {unknown}
 c - 3 potions of brilliance
 f - 3 potions of heal wounds {unknown}
 g - 3 potions of berserk rage {unknown}
 j - a potion of mutation {unknown}
 r - a potion of curing
 u - a potion of degeneration {unknown}
 z - a potion of magic {unknown}
 E - 2 potions of invisibility {unknown}
 H - 2 potions of flight {unknown}


   Skills:
 + Level 8.4 Fighting
 + Level 2.6 Armour
 - Level 1.5 Dodging
 * Level 13.8 Unarmed Combat


You had 10 spell levels left.
You didn't know any spells.
Your spell library was empty.

Dungeon Overview and Level Annotations

Branches:
Dungeon (10/15)            Temple (0/1) D:6
   Lair: D:8-11         Orc: D:9-12

Altars:
The Shining One
Beogh

Shops:
D:2 [   D:4 *


Innate Abilities, Weirdness & Mutations

You have razor-sharp teeth.
Your natural rate of healing is unusually fast.
When hurt, damage is shared between your health and your magic reserves.
Your bite disrupts and absorbs the magic of your enemies.
Potions cannot restore your health.


Message History

Unknown command.
You hit the orc knight but do no damage.
Your bite misses the orc knight.
The orc knight is lightly wounded.
Your ogre hits the orc warrior with a +0 giant club!
The orc knight hits you with a +0 battleaxe!
The orc knight barely misses your ogre.
The orc warrior hits your ogre with a +3 short sword!!
Your ogre dies!
Your ogre's corpse disappears in a puff of smoke!
The orc warrior hits you with a +0 dire flail.
You pummel the orc knight!! You bite the orc knight. You drain its power.
You feel invigorated.
The orc knight is heavily wounded.
The orc wizard hits you but does no damage.
You pummel the orc knight!! Your bite misses the orc knight.
The orc knight is almost dead.
The orc knight hits you with a +0 battleaxe!!
The orc warrior hits you with a +0 dire flail!!
* * * LOW HITPOINT WARNING * * *
The orc wizard gestures at you while chanting.
The puff of flame hits you but does no damage.
You punch the orc knight!
You kill the orc knight!
Trog accepts your kill.
You punch the orc warrior!
The orc warrior is heavily wounded.
The orc warrior hits you with a +3 short sword!!
* * * LOW HITPOINT WARNING * * *
The orc warrior barely misses you.
You punch the orc warrior!
The orc warrior is almost dead.
The orc wizard hits you with a +0 dagger.
* * * LOW HITPOINT WARNING * * *
You hit the orc warrior.
You feel the power of Trog in you as your rage grows.
You kill the orc warrior!
Trog accepts your kill.
The orc warrior hits you with a +3 short sword!
You die...

##########
.....$$$#
#......$#
#.o).?.$#
#@)....#
#.o....#
#......#
#......#
##.[.###
#+##


You could see an orc warrior (strong) and an orc wizard (strong).

Vanquished Creatures
  Snorg (D:10)
  Harold (D:7)
  Pikel (D:4)
  An orc knight (D:12)
  Psyche (D:9)
  A wyvern (D:9)
  A wraith (D:9)
  A steam dragon (D:9)
  An acid dragon (D:9)
  A water moccasin (D:9)
  4 orc warriors
  2 black bears (D:5)
  3 necrophages
  An ogre (D:5)
  2 centaurs
  A phantom (D:7)
  4 kobold brigands
  Blork the orc (D:6)
  3 bullfrogs
  2 gnoll sergeants (D:10)
  2 scorpions (D:6)
  A water moccasin zombie (D:5)
  A wyvern zombie (D:9)
  5 killer bees (D:9)
  9 wights
  A howler monkey (D:10)
  2 centaur zombies
  4 orc priests
  2 hounds
  Jessica (D:3)
  A centaur skeleton (D:6)
  A gnoll shaman (D:6)
  3 iguanas
  8 orc wizards
  3 killer bee zombies
  2 howler monkey zombies
  Robin (D:4)
  20 gnolls
  A howler monkey skeleton (D:5)
  4 adders
  A white imp (D:3)
  2 dart slugs (D:1)
  29 orcs
  3 bats
  3 endoplasms
  4 giant cockroaches
  8 goblins
  4 hobgoblins (D:4)
  2 quokkas
  2 ball pythons
  5 frilled lizards
  17 kobolds
  5 rats
190 creatures vanquished.

Notes
Turn   | Place    | Note
-------+----------+-------------------------------------------
     0 | D:1      | Froggeryz the Vine Stalker Berserker began the quest for
                  | the Orb.
     0 | D:1      | Reached XP level 1. HP: 11/11 MP: 2/2
   256 | D:1      | Reached XP level 2. HP: 16/16 MP: 3/3
   890 | D:2      | Reached skill level 4 in Unarmed Combat
   941 | D:2      | Found Hyutas's Antique Armour Shoppe.
  1320 | D:2      | Reached XP level 3. HP: 18/19 MP: 4/4
  1446 | D:3      | Found a faded altar of an unknown god.
  1509 | D:3      | Noticed Jessica
  1514 | D:3      | Killed Jessica
  1514 | D:3      | Reached ** piety under Trog
  1748 | D:3      | You fall into a shaft and drop 3 floors!
  1761 | D:6      | Reached skill level 5 in Unarmed Combat
  1761 | D:6      | Gained mutation: Your natural rate of healing is unusually
                  | fast. [Vine Stalker growth]
  1761 | D:6      | Reached XP level 4. HP: 23/23 MP: 3/5
  1829 | D:6      | Noticed a scorpion
  1835 | D:6      | Killed a scorpion
  1836 | D:6      | Reached XP level 5. HP: 27/27 MP: 6/6
  1920 | D:6      | Reached skill level 6 in Unarmed Combat
  1921 | D:6      | Noticed a necrophage
  1932 | D:6      | Killed a necrophage
  1933 | D:6      | Reached XP level 6. HP: 29/32 MP: 4/7
  1946 | D:6      | Found a staircase to the Ecumenical Temple.
  1987 | D:6      | Reached skill level 7 in Unarmed Combat
  2225 | D:6      | Noticed an orc warrior
  2279 | D:5      | Entered Level 5 of the Dungeon
  2287 | D:5      | Reached XP level 7. HP: 32/35 MP: 4/8
  2410 | D:4      | Found Keviteixt's Assorted Antiques.
  2441 | D:4      | Bought a scroll labelled EGYOPPI FOAVU for 30 gold pieces
  2441 | D:4      | Bought a scroll labelled GUGOORY FILEXI for 30 gold pieces
  2441 | D:4      | Bought a scroll labelled HEOFIU QULINIS for 30 gold pieces
  2536 | D:3      | Reached skill level 8 in Unarmed Combat
  3415 | D:4      | Noticed Robin
  3429 | D:4      | Killed Robin
  3429 | D:4      | Reached *** piety under Trog
  3462 | D:4      | Noticed Pikel
  3477 | D:4      | Killed Pikel
  3478 | D:4      | Reached skill level 9 in Unarmed Combat
  3478 | D:4      | Gained mutation: You have razor-sharp teeth. [Vine Stalker
                  | growth]
  3478 | D:4      | Reached XP level 8. HP: 42/42 MP: 5/9
  4242 | D:5      | Reached skill level 5 in Fighting
  4242 | D:5      | Reached skill level 10 in Unarmed Combat
  4735 | D:6      | Reached XP level 9. HP: 38/47 MP: 10/10
  5001 | D:6      | Noticed Blork the orc
  5010 | D:6      | Killed Blork the orc
  5193 | D:6      | Found a glowing golden altar of the Shining One.
  5253 | D:7      | Noticed Harold
  5304 | D:7      | Killed Harold
  5305 | D:7      | Reached skill level 11 in Unarmed Combat
  5380 | D:7      | Reached **** piety under Trog
  5886 | D:8      | Reached skill level 12 in Unarmed Combat
  6014 | D:8      | Reached XP level 10. HP: 48/52 MP: 8/11
  6547 | D:9      | Identified the +1 hand axe of the Puffin {elec, Int+3}
  6697 | D:9      | Noticed Psyche
  6712 | D:9      | Killed Psyche
  6858 | D:9      | Reached skill level 13 in Unarmed Combat
  7362 | D:10     | Entered Level 10 of the Dungeon
  7837 | D:10     | Noticed Snorg
  7847 | D:10     | Killed Snorg
  7848 | D:10     | Reached XP level 11. HP: 11/60 MP: 1/12
  8093 | D:10     | You fall into a shaft and drop 2 floors!
  8094 | D:12     | Noticed an orc knight
  8104 | D:12     | Killed an orc knight
  8107 | D:12     | Mangled by an orc warrior

Illustrated notes

Levels and vault maps discovered:
D:1:      amcnicky_arrival_underground_garden, layout_loops_ring,
          chequers_avenue, hex_tiny
D:2:      layout_basic, serial_shops, nicolae_shop_crystal
D:3:      layout_basic, ebering_ecumenical_altar_abandoned, uniq_jessica
D:4:      layout_loops_cross, serial_shops, nicolae_shop_waterfront,
          kennysheep_orc_chapel, uniq_pikel, uniq_robin
D:5:      layout_layer_cave
D:6:      layout_cave_pods, tso_oasis_becter,
          minmay_temple_entry_drinking_statues, chequers_serial_rivers_micro_b,
          uniq_blork_the_orc
D:7:      layout_rooms, uniq_harold
D:8:      layout_rooms
D:9:      layout_gridville, chequers_serial_rivers_small_b,
          minmay_quadrilaterals, uniq_psyche
D:10:     layout_loops_corners, uniq_snorg, uniq_grum
D:12:     orc_temple, layout_irregular_city,
          kennysheep_orc_monster_closet_entryway, uniq_frances, uniq_azrael

Skill      XL: |  1  2  3  4  5  6  7  8  9 10 |
---------------+-------------------------------+-----
Unarmed Combat | 4 5 6 7 9 10 12 13 | 13.8
Fighting       | 4 5 6 8 |  8.4
Armour         | 2 |  2.6
Dodging        | |  1.5

Action                   |  1- 3 |  4- 6 |  7- 9 | 10-12 || total
-------------------------+-------+-------+-------+-------++-------
Melee: Unarmed           |    54 |    24 |   258 |   196 ||   532
       Bite              |    16 |     5 |    79 |    45 ||   145
       Punch             |     4 |     1 |    12 |    13 ||    30
Invok: Berserk           |     2 |     2 |     9 |     3 ||    16
       Trog's Hand       |       |     1 |       |       ||     1
       Brothers in Arms  |       |       |       |     1 ||     1
Evoke: Wand              |       |    11 |     2 |       ||    13
  Use: Scroll            |       |     3 |     9 |       ||    12
       Potion            |       |       |     1 |       ||     1
Armor: Animal skin       |     7 |       |       |       ||     7
       Ring mail         |     1 |     6 |    73 |     9 ||    89
       Scale mail        |       |       |       |    50 ||    50
       Skin              |       |       |       |    11 ||    11
Dodge: Dodged            |    21 |    14 |   106 |   114 ||   255

Table legend: (Time is in decaauts)
 A = Elapsed time spent in this place.
 B = Non-inter-level travel time spent in this place.
 C = Inter-level travel time spent in this place.
 D = Time resting spent in this place.
 E = Time spent auto-exploring this place.
 F = Levels seen in this place.
 G = Mean time per level.
                   A        B        C        D        E       F      G
               +--------+--------+--------+--------+--------+-----+--------+
         Total |   8177 |   7866 |    311 |    825 |   5656 |  11 |  743.4 |
       Dungeon |   8177 |   7866 |    311 |    825 |   5656 |  11 |  743.4 |
               +--------+--------+--------+--------+--------+-----+--------+

Top non-repeatable levels by time:
     D:6: 1214 daAuts
     D:5: 1113 daAuts
     D:9: 961 daAuts
     D:4: 852 daAuts
     D:1: 848 daAuts
     D:3: 816 daAuts
    D:10: 730 daAuts
     D:8: 637 daAuts
     D:2: 566 daAuts
     D:7: 426 daAuts
    D:12: 9 daAuts
